 Dungeon Crawl Stone Soup version 0.18.1-48-g4cf74bf (webtiles) character file.

5033 Lennu the Spear-Bearer (level 10, -17/77 HPs)
             Began as a Merfolk Ice Elementalist on June 28, 2016.
             Was a Believer of Qazlal.
             Demolished by a two-headed ogre
             ... wielding a +0 giant club
              (30 damage)
             ... on level 12 of the Dungeon on June 29, 2016.
             The game lasted 01:51:49 (12080 turns).

Lennu the Spear-Bearer (Merfolk Ice Elementalist)  Turns: 12080, Time: 01:51:49

Health: -17/77     AC:  5    Str: 11    XL:     10   Next: 55%
Magic:  4/14       EV: 17    Int: 16    God:    Qazlal [**....]
Gold:   461        SH:  2    Dex: 14    Spells: 5 memorised, 3 levels left

rFire  . . .     SeeInvis .     j - +0 halberd (flame)
rCold  . . .     Gourm    .     p - +1 leather armour
rNeg   . . .     Faith    .     (shield currently unavailable)
rPois  +         Spirit   .     (no helmet)
rElec  .         Dismiss  .     (no cloak)
rCorr  +         Reflect  .     g - +0 pair of gloves
SustAt .         Harm     .     (no boots)
MR     .....     Clarity  +     (no amulet)
Stlth  ++........               y - ring of wizardry
                                T - ring of resist corrosion

@: very slightly contaminated, not resistant to hostile enchantments, unstealthy
A: change form in water, swift swim, fangs 1, clarity, poison resistance
a: Upheaval, Renounce Religion


You were on level 12 of the Dungeon.
You worshipped Qazlal.
Qazlal was pleased with you.
You were not hungry.

You visited 2 branches of the dungeon, and saw 12 of its levels.
You also visited: Ossuary.

You collected 631 gold pieces.
You spent 170 gold pieces at shops.

Inventory:

Hand Weapons
 j - a +0 halberd of flaming (weapon)
 q - a +1 halberd of distortion
 P - a +0 halberd
Missiles
 i - 14 tomahawks (quivered)
Armour
 g - a +0 pair of gloves (worn)
 m - a +0 buckler
 p - a +1 leather armour (worn)
 D - a +2 robe of resistance
 S - a +3 scale mail
 W - a +0 ring mail
Jewellery
 n - an uncursed ring of fire
 y - a ring of wizardry (right hand)
 T - a ring of resist corrosion (left hand)
Wands
 e - a wand of flame (16/48)
 r - a wand of disintegration (19/24)
 v - a wand of heal wounds (8/9)
 F - a wand of teleportation (2/9)
 L - a wand of iceblast (7/15)
 U - a wand of iceblast (6/15)
Scrolls
 d - a scroll of enchant armour
 h - 3 scrolls of magic mapping
 x - 4 scrolls of remove curse
 A - 10 scrolls of identify
 B - a scroll of fog
 J - a scroll of blinking {unknown}
 N - 3 scrolls of enchant weapon
 O - a scroll of immolation {unknown}
 Q - a scroll of noise {unknown}
 V - a scroll of fear {unknown}
 Y - a scroll of amnesia
Potions
 o - 2 potions of brilliance {unknown}
 u - 3 potions of haste {unknown}
 w - 4 potions of agility {unknown}
 G - 2 potions of cancellation {unknown}
 H - 2 potions of resistance {unknown}
 I - a potion of berserk rage {unknown}
Books
 b - a book of Frost

   Spells                             Type                      Level
   a - Freeze                         Ice                          1
   b - Throw Frost                    Conjuration/Ice              2
   c - Ozocubu's Armour               Charms/Ice                   3
   d - Throw Icicle                   Conjuration/Ice              4
   e - Summon Ice Beast               Ice/Summoning                4
 s - a book of Battle

   Spells                             Type                      Level
   a - Infusion                       Charms                       1
   b - Shroud of Golubria             Charms/Translocation         2
   c - Song of Slaying                Charms                       2
   d - Spectral Weapon                Hexes/Charms                 3
   e - Regeneration                   Charms/Necromancy            3
 t - a Necronomicon

   Spells                             Type                      Level
   a - Haunt                          Necromancy/Summoning         7
   b - Borgnjor's Revivification      Necromancy                   8
   c - Death's Door                   Charms/Necromancy            8
   d - Necromutation                  Transmutation/Necromancy     8
 R - a book of the Tempests

   Spells                             Type                      Level
   a - Static Discharge               Conjuration/Air              3
   b - Lightning Bolt                 Conjuration/Air              5
   c - Fireball                       Conjuration/Fire             5
   d - Tornado                        Air                          9
   e - Shatter                        Earth                        9
 Z - a book of Maledictions

   Spells                             Type                      Level
   a - Corona                         Hexes                        1
   b - Ensorcelled Hibernation        Hexes/Ice                    2
   c - Confuse                        Hexes                        3
   d - Tukima's Dance                 Hexes                        3
   e - Dazzling Spray                 Conjuration/Hexes            3
Miscellaneous
 f - a plain deck of defence
Comestibles
 c - 9 bread rations
 k - 3 fruits
 z - 4 meat rations
 E - 6 beef jerkies
 K - a slice of pizza


   Skills:
 * Level 6.7 Fighting
   Level 0.5 Short Blades
 * Level 9.5 Polearms
 + Level 0.4 Throwing
 * Level 3.5 Armour
 * Level 9.4 Dodging
 - Level 2.4 Stealth
 + Level 3.0 Shields
 - Level 3.0 Spellcasting
   Level 0.7 Conjurations
 * Level 3.1 Hexes
 * Level 3.8 Charms
 + Level 5.7 Ice Magic
 * Level 3.2 Invocations


You had 3 spell levels left.
You knew the following spells:

 Your Spells              Type           Power        Failure   Level  Hunger
a - Freeze                Ice            ###.         1%          1    #......
b - Ozocubu's Armour      Chrm/Ice       ###.....     4%          3    ###....
c - Regeneration          Chrm/Necr      #.........   14%         3    ###....
d - Spectral Weapon       Hex/Chrm       ##......     9%          3    ###....
e - Song of Slaying       Chrm           ##......     4%          2    ##.....


Dungeon Overview and Level Annotations

Branches:
Dungeon (12/15)            Temple (1/1) D:5            Lair (0/8) D:11
    Orc: D:9-12

Altars:
Ashenzari
Cheibriados
Dithmenos
Elyvilon
Fedhas
Gozag
Kikubaaqudgha
Makhleb
Nemelex Xobeh
Okawaru
Pakellas
Qazlal
Ru
Sif Muna
Trog
Vehumet
Xom
Yredelemnul
Zin
The Shining One

Shops:
D:4 *!

Annotations:
D:7 exclusion: statue
D:11 1 runed door, exclusion: orange crystal statue


Innate Abilities, Weirdness & Mutations

You revert to your normal form in water.
You are very nimble and swift while swimming.
You have very sharp teeth.
You possess an exceptional clarity of mind.
Your system is resistant to poisons.


Message History

Okay, then.
The shadow slips into darkness.
The shadow flickers and vanishes!
Something hits you but does no damage.
The two-headed ogre completely misses you.
The two-headed ogre barely misses you. Something hits you!
* * * LOW HITPOINT WARNING * * *
The shadow strikes at you from the darkness!
* * * LOW HITPOINT WARNING * * *
Reactivating autopickup.
Drink which item? (? for menu, Esc to quit)
You feel better. Something hits you.
* * * LOW HITPOINT WARNING * * *
Deactivating autopickup; reactivate with Ctrl-A.
The shadow misses you. The shadow closely misses you.
Something closely misses you.
The two-headed ogre hits you with a giant club!!
You die...

##+##
##...##
##.....##
##.....@.##
#......OW.#
+......ยง..+
#.........#
##.......##
##.....##
........##
#####..##
#..


You could see a two-headed ogre and a shadow.

Vanquished Creatures
  Pikel (D:6)
  The ghost of nixorn the Shield-Bearer, an amateur GrFi (D:4)
  Sigmund (D:6)
  2 yaks
  A water elemental (D:11)
  Eustachio (D:4)
  A water moccasin (D:8)
  An orc warrior (D:6)
  A slave (D:6)
  6 ogres
  6 giant frogs
  4 water moccasin zombies (Ossuary)
  2 scorpions
  6 wights (D:9)
  A howler monkey (D:6)
  4 crimson imps
  A quasit (D:9)
  2 hounds
  3 jellies
  An orc priest (D:3)
  5 gnoll shamans (D:4)
  A centaur skeleton (D:4)
  2 iguanas
  3 orc wizards
  2 worker ants
  A big kobold zombie (Ossuary)
  2 mummies (Ossuary)
  2 worker ant zombies
  44 gnolls
  12 adders
  A shadow imp (D:8)
  An ooze (D:3)
  An adder skeleton (D:6)
  7 adder zombies
  A worm (D:2)
  2 dart slugs (D:1)
  8 giant geckos
  24 orcs
  A ball python (D:5)
  5 giant cockroaches
  9 goblins
  12 hobgoblins
  26 jackals
  4 kobolds
  3 quokkas
  8 bats
  A giant cockroach zombie (D:5)
  3 giant newts
  A gnoll zombie (Ossuary)
  4 hobgoblin zombies (Ossuary)
  2 jackal zombies
  4 kobold zombies (Ossuary)
  6 orc zombies (Ossuary)
  A quokka skeleton (D:4)
  6 rats
  2 spectral weapons
263 creatures vanquished.

Vanquished Creatures (others)
  A hydra (D:3)
  2 yaks (D:9)
  A human (D:2)
  A giant frog (D:8)
  A water moccasin zombie (Ossuary)
  2 wights (D:9)
  A crimson imp (D:6)
  A jelly (D:7)
  A hound (D:8)
  A gnoll (D:6)
  2 adders
  An adder zombie (Ossuary)
  A worm (D:5)
  An orc (D:6)
  2 orc zombies (Ossuary)
  A fungus (D:11)
  3 plants (D:11)
  A spectral weapon (D:5)
24 creatures vanquished.

Grand Total: 287 creatures vanquished

Notes
Turn   | Place    | Note
--------------------------------------------------------------
     0 | D:1      | Lennu the Merfolk Ice Elementalist began the quest for the Orb.
     0 | D:1      | Reached XP level 1. HP: 13/13 MP: 3/3
   301 | D:1      | Reached XP level 2. HP: 19/19 MP: 0/5
   683 | D:1      | Reached XP level 3. HP: 24/24 MP: 1/6
  1149 | D:1      | Reached skill level 1 in Fighting
  1498 | D:2      | Reached XP level 4. HP: 32/32 MP: 5/7
  1898 | D:2      | Found an ancient bone altar of Kikubaaqudgha.
  1900 | D:2      | Noticed a human
  1902 | D:2      | Killed a human
  2332 | D:3      | Learned a level 3 spell: Ozocubu's Armour
  3348 | D:3      | Reached skill level 1 in Armour
  3353 | D:3      | Reached skill level 1 in Polearms
  3353 | D:3      | Reached XP level 5. HP: 23/38 MP: 6/8
  3519 | D:3      | Found an oddly glowing altar of Pakellas.
  3520 | D:3      | Noticed a five-headed hydra
  3527 | D:3      | Killed a five-headed hydra
  3589 | D:4      | Noticed Eustachio
  4114 | D:3      | HP: 1/38 [poisoned by an adder]
  4204 | D:4      | Killed Eustachio
  4204 | D:4      | Reached skill level 5 in Dodging
  4204 | D:4      | Reached skill level 1 in Shields
  4204 | D:4      | Reached XP level 6. HP: 20/44 MP: 5/10
  4476 | D:4      | Found a snail-covered altar of Cheibriados.
  4671 | D:4      | Reached XP level 7. HP: 49/51 MP: 8/11
  4682 | D:4      | Found Pullog's General Store.
  4735 | D:4      | Noticed nixorn's ghost (amateur GrFi)
  4782 | D:4      | Found a deep blue altar of Sif Muna.
  5206 | D:4      | Killed nixorn's ghost
  5213 | D:4      | Reached XP level 8. HP: 20/58 MP: 8/12
  5652 | D:4      | Reached skill level 1 in Charms
  5888 | D:4      | Reached skill level 5 in Polearms
  6515 | D:4      | Found a sparkling altar of Nemelex Xobeh.
  6518 | D:4      | Found Uteimye's Distillery.
  6731 | D:4      | Bought a potion of heal wounds for 55 gold pieces
  6731 | D:4      | Bought a potion of mutation for 27 gold pieces
  6731 | D:4      | Bought a potion of invisibility for 88 gold pieces
  6732 | D:4      | Gained mutation: You possess an exceptional clarity of mind. [potion of mutation]
  6732 | D:4      | Gained mutation: You have very sharp teeth. [potion of mutation]
  6732 | D:4      | Gained mutation: Your system is resistant to poisons. [potion of mutation]
  7021 | D:4      | Learned a level 4 spell: Summon Ice Beast
  7055 | D:5      | Entered Level 5 of the Dungeon
  7083 | D:5      | Found a staircase to the Ecumenical Temple.
  7095 | Temple   | Entered the Ecumenical Temple
  7131 | Temple   | Became a worshipper of Qazlal Stormbringer
  7461 | D:5      | Learned a level 3 spell: Spectral Weapon
  7464 | D:5      | Learned a level 2 spell: Song of Slaying
  7474 | D:5      | Reached XP level 9. HP: 66/67 MP: 9/13
  8079 | D:6      | Reached skill level 5 in Fighting
  8128 | D:6      | Reached skill level 1 in Invocations
  8174 | D:6      | Noticed Sigmund
  8209 | D:6      | Killed Sigmund
  8209 | D:6      | Reached skill level 1 in Hexes
  8353 | D:6      | Noticed Pikel
  8368 | D:6      | Killed Pikel
  8368 | D:6      | Reached skill level 5 in Ice Magic
  8378 | D:6      | Reached * piety under Qazlal
  9516 | D:7      | Found an opulent altar of Gozag.
  9565 | D:7      | Found a bloodstained altar of Trog.
  9768 | D:7      | Found an opulent altar of Gozag.
  9829 | D:7      | Found a glowing golden altar of the Shining One.
 10033 | D:7      | Found a radiant altar of Vehumet.
 10280 | D:8      | Reached XP level 10. HP: 76/76 MP: 14/14
 10315 | D:8      | Found a sand-covered staircase.
 10338 | Ossuary  | Entered an ossuary
 10503 | Ossuary  | Reached ** piety under Qazlal
 10756 | D:8      | Learned a level 3 spell: Regeneration
 11559 | D:9      | Found a glowing silver altar of Zin.
 11962 | D:9      | You fall through a shaft for 2 floors!
 11962 | D:11     | Noticed a five-headed hydra
 11969 | D:11     | Noticed a manticore
 11999 | D:11     | Found a runed door.
 12033 | D:11     | Found a staircase to the Lair.
 12038 | D:11     | Noticed a hill giant
 12045 | D:11     | Noticed a gargoyle
 12064 | D:11     | Noticed an orange crystal statue
 12080 | D:12     | Demolished by a two-headed ogre

Skill      XL: |  1  2  3  4  5  6  7  8  9 10 |
---------------+-------------------------------+-----
Dodging        | 3 5 6 7 8 9 |  9.4
Fighting       | 1 2 3 4 6 |  6.7
Ice Magic      | 4 5 |  5.7
Armour         | 1 2 3 |  3.5
Polearms       | 1 2 3 6 8 9 |  9.5
Shields        | 1 2 3 |  3.0
Spellcasting   | 3 |  3.0
Charms         | 1 3 |  3.8
Invocations    | 2 3 |  3.2
Hexes          | 2 3 |  3.1
Short Blades   | |  0.5
Throwing       | |  0.4
Stealth        | |  2.4
Conjurations   | |  0.7

Action                   |  1- 3 |  4- 6 |  7- 9 | 10-12 || total
-------------------------+-------+-------+-------+-------++-------
Melee: Unarmed           |    11 |       |       |       ||    11
       Dagger            |    18 |       |       |       ||    18
       Short sword       |    31 |     8 |       |       ||    39
       Trident           |       |   228 |   170 |       ||   398
       Rapier            |       |    21 |       |       ||    21
       Hand axe          |       |    12 |       |       ||    12
       Tailslap          |       |       |    24 |     2 ||    26
       Halberd           |       |       |   372 |   165 ||   537
       Bite              |       |       |    14 |    12 ||    26
Throw: Tomahawk          |       |       |     6 |       ||     6
 Cast: Freeze            |    41 |    22 |       |       ||    63
       Ozocubu's Armour  |       |     8 |    21 |     6 ||    35
       Spectral Weapon   |       |       |     8 |     3 ||    11
       Song of Slaying   |       |       |       |     8 ||     8
       Regeneration      |       |       |       |     1 ||     1
Invok: Upheaval          |       |       |       |     2 ||     2
  Use: Scroll            |       |     3 |     3 |     8 ||    14
       Potion            |       |     3 |     5 |     8 ||    16
 Stab: Sleeping          |     5 |     3 |     4 |       ||    12
       Distracted        |     1 |       |     3 |       ||     4
       Invisible         |       |       |     9 |       ||     9
  Eat: Chunk             |     2 |     8 |    20 |     2 ||    32
       Fruit             |     1 |     2 |     2 |       ||     5
       Pizza             |       |     1 |       |       ||     1
       Beef jerky        |       |       |     1 |       ||     1
       Bread ration      |       |       |       |     2 ||     2
Armor: Robe              |    25 |       |       |       ||    25
       Leather armour    |       |   134 |    67 |    37 ||   238
Dodge: Dodged            |    67 |   238 |   270 |   130 ||   705
Block: Buckler           |    10 |    56 |    22 |       ||    88
       Other             |       |       |       |    13 ||    13
